Map: Ruines d’Endion

Players

ThePrax

  • Race: Terran Terran
  • League: Silver
  • Spawn Location: 7:00

zidar - Winner!

  • Race: Zerg Zerg
  • League: Silver
  • Spawn Location: 5:00

VOD

Have the link to the VOD?

Description

Time

  • Played on: April 27, 2016, 1:01 a.m.
  • Length: 19:52
Show
View Real Time Build Order
Export as new Build Order

ThePrax Terran 

Build Orders:  

Get SALT Encoding   

  12  0:02  SCV  
  14  0:14  SCV  
  14  0:18  Supply Depot  
  14  0:26  SCV  
  15  0:31  Refinery  
  15  0:42  Barracks  
  15  0:45  SCV  
  16  0:58  SCV  
  17  1:10  SCV  
  18  1:22  SCV  
  19  1:29  Marine  
  19  1:30  Supply Depot  
  20  1:39  Orbital Command  
  20  1:54  Command Center  
  20  2:06  SCV  
  20  2:07  Refinery  
  21  2:15  Factory  
  21  2:18  SCV  
  21  2:19  Barracks Tech Lab  
  22  2:30  SCV  
  23  2:38  Marine  
  23  2:43  SCV  
  25  2:55  SCV  
  26  2:59  Factory Tech Lab  
  26  3:00  Marine, Starport  
  26  3:02  Combat Shield  
  27  3:06  Orbital Command  
  27  3:13  Refinery  
  30  3:20  Siege Tank  
  30  3:30  Orbital Command  
  30  3:44  Marine  
  30  3:47  Medivac  
  33  3:51  Barracks  
  33  3:54  Siege Tank  
  36  3:58  SCV x2  
  36  4:02  Marine  
  39  4:10  SCV x2  
  41  4:20  Marine  
  41  4:22  SCV x2  
  41  4:24  Stimpack  
  44  4:37  Marine  
  45  4:43  Supply Depot  
  45  4:47  Siege Tank  
  48  4:56  Marine  
  48  4:57  Barracks  
  48  4:59  Barracks  
  49  5:04  Marauder  
  49  5:06  Supply Depot  
  51  5:14  Marine  
  51  5:21  Engineering Bay  
  52  5:24  Armory  
  52  5:26  Marauder  
  54  5:28  Supply Depot  
  54  5:33  Medivac  
  56  5:46  Liberator, SCV  
  56  5:47  SCV  
  58  5:53  Barracks Tech Lab x3  
  58  5:59  SCV x2  
  58  6:00  Terran Infantry Weapons Level 1  
  58  6:03  Hellion  
  65  6:11  SCV x2  
  67  6:15  Refinery  
  67  6:23  SCV x2  
  67  6:25  Hellion  
  71  6:34  Marauder  
  71  6:35  Marauder x2, SCV  
  78  6:40  SCV  
  78  6:41  Marauder  
  81  6:47  SCV  
  81  6:52  SCV  
  83  6:59  Marine x2, SCV  
  86  7:10  Starport Tech Lab  
  86  7:11  Supply Depot  
  86  7:12  Supply Depot  
  86  7:14  Supply Depot x3  
  86  7:28  Terran Vehicle Weapons Level 1  
  86  7:33  Marine x4, SCV, Siege Tank  
  94  7:50  Marine x2  
  75  8:22  Missile Turret  
  75  8:23  Missile Turret  
  75  8:24  Missile Turret  
  75  8:27  Missile Turret  
  75  8:28  Liberator, Missile Turret  
  75  8:29  Thor  
  75  8:30  Missile Turret  
  75  8:31  Marine x3  
  75  8:32  Marine  
  85  8:45  Factory  
  88  8:49  Marine x4  
  92  9:06  Marine  
  92  9:07  Marine x3  
  96  9:12  Concussive Shells, Thor  
  96  9:15  Terran Infantry Weapons Level 2  
  96  9:17  Command Center  
  102  9:24  Marine  
  102  9:31  Medivac  
  105  9:42  Terran Ship Weapons Level 1  
  105  10:01  Medivac  
  107  10:11  Command Center  
  107  10:18  Factory Tech Lab  
  107  10:19  Thor  
  113  10:30  Infernal Pre-Igniter  
  113  10:31  Medivac  
  115  10:39  Drilling Claws  
  117  10:45  Widow Mine, Orbital Command  
  117  10:59  Refinery  
  117  11:01  Thor  
  123  11:05  SCV x2  
  127  11:13  Widow Mine  
  127  11:17  SCV  
  127  11:18  SCV  
  129  11:30  Refinery, SCV x2  
  129  11:31  Terran Infantry Armor Level 1  
  131  11:37  Liberator  
  133  11:42  Widow Mine  
  133  11:44  Thor  
  139  11:59  Marine x4  
  148  12:08  Supply Depot  
  148  12:10  Widow Mine  
  148  12:12  Supply Depot  
  148  12:13  Supply Depot, Orbital Command  
  148  12:17  Marine x4  
  148  12:20  Liberator  
  154  12:55  Siege Tank x2  
  160  13:27  Siege Tank x2  
  166  14:17  Liberator  
  169  14:47  Factory  
  169  14:49  Starport  
  169  14:50  Factory  
  163  14:55  Refinery  
  163  14:56  Refinery  
  163  15:00  Liberator  
  163  15:03  Hellbat  
  163  15:04  Hellbat  
  170  15:24  Hellbat  
  170  15:25  Hellbat  
  174  15:35  Factory Tech Lab  
  174  15:36  Factory Tech Lab  
  174  15:37  Starport Tech Lab  
  174  15:43  Liberator  
  174  15:46  Hellbat x2  
  178  15:52  Starport  
  178  15:55  Starport  
  178  15:59  Terran Infantry Armor Level 2  
  108  16:07  Hellbat  
  108  16:08  Hellbat  
  93  16:13  Thor  
  93  16:14  Thor  
  105  16:18  Marine  
  105  16:19  Marine x3  
  104  16:26  Liberator  
  104  16:28  Hellbat  
  104  16:29  Hellbat  
  104  16:31  Starport  
  103  16:36  Marine  
  103  16:37  Marine x3  
  102  16:54  Marine  
  102  16:55  Marine  
  75  17:31  Marine  
  75  17:32  Marine x3  
  68  17:49  Marine  
  68  17:50  Marine x3  
  68  18:07  Marine  
  68  18:08  Marine x2  
  67  18:14  Hellion x3  
  67  18:15  Hellion  
  75  18:36  Hellion x4  
  75  18:40  Starport Tech Lab  
  83  18:46  Command Center  
  83  18:49  Starport Tech Lab  
  83  18:53  Command Center  
  83  18:54  Command Center  
  83  19:06  Refinery  
  83  19:11  Refinery  
Show
View Real Time Build Order
Export as new Build Order

zidar Zerg - Winner!

Build Orders: Pool First, Muta Ling Bane 

Get SALT Encoding   

  12  0:01  Drone  
  13  0:12  Overlord  
  13  0:18  Drone  
  14  0:31  Drone x2  
  14  0:34  Drone  
  17  0:48  Spawning Pool  
  16  0:51  Drone  
  17  1:15  Hatchery  
  17  1:17  Drone  
  17  1:22  Extractor, Drone  
  17  1:25  Drone  
  18  1:36  Queen  
  20  1:44  Overlord  
  20  1:51  Zergling x2  
  20  1:52  Zergling x2  
  21  2:08  Drone  
  21  2:12  Queen  
  24  2:20  Drone  
  25  2:25  Drone  
  25  2:27  Metabolic Boost  
  26  2:43  Drone x3  
  29  2:55  Drone x4  
  33  3:02  Baneling Nest  
  33  3:05  Drone  
  33  3:17  Drone x3  
  36  3:21  Overlord x3  
  36  3:35  Spore Crawler  
  36  3:40  Spore Crawler  
  34  3:47  Lair  
  34  3:51  Extractor  
  34  3:55  Queen  
  35  4:09  Drone x6  
  41  4:21  Zergling x8  
  45  4:43  Baneling  
  45  4:44  Baneling x2  
  45  4:45  Baneling  
  45  4:46  Baneling  
  45  4:47  Baneling  
  45  5:03  Drone x7  
  52  5:10  Extractor  
  51  5:15  Queen, Extractor  
  51  5:17  Overlord x2  
  51  5:19  Overlord  
  51  5:20  Overlord  
  52  5:22  Hatchery  
  52  5:27  Centrifical Hooks  
  51  5:36  Spire  
  50  6:10  Drone x12  
  62  6:34  Evolution Chamber  
  62  6:35  Evolution Chamber  
  60  7:05  Mutalisk  
  60  7:06  Mutalisk x9  
  80  7:11  Overlord  
  80  7:12  Overlord x2  
  80  7:15  Zergling x10  
  85  7:27  Zerg Melee Weapons Level 1  
  85  7:30  Zerg Ground Armor Level 1  
  85  7:40  Extractor  
  85  7:42  Zergling x28  
  98  7:44  Extractor  
  87  8:27  Baneling x16  
  87  8:29  Queen  
  89  8:37  Drone  
  89  8:38  Drone x2  
  92  8:42  Zerg Flyer Weapons Level 1  
  92  8:52  Drone x4  
  92  8:53  Drone x7  
  103  9:19  Drone x2, Infestation Pit  
  103  9:22  Zerg Melee Weapons Level 2  
  103  9:24  Zerg Ground Armor Level 2  
  104  9:29  Zergling x14  
  111  9:55  Mutalisk  
  111  9:59  Overlord x3  
  113  10:00  Overlord  
  113  10:24  Drone  
  114  10:38  Drone x10  
  124  10:55  Mutalisk x7  
  124  10:56  Mutalisk x3  
  144  11:02  Zerg Flyer Weapons Level 2  
  144  11:03  Hatchery  
  143  11:04  Hive  
  143  11:24  Zergling x2  
  143  11:25  Zergling x4  
  146  11:28  Overlord x2  
  146  11:29  Overlord x2, Extractor  
  146  11:30  Overlord  
  145  11:38  Extractor  
  144  12:46  Zergling x6  
  144  12:47  Zergling x22  
  158  12:55  Adrenal Glands  
  158  13:03  Ultralisk Cavern  
  152  13:36  Zergling x2  
  152  13:37  Zergling x46  
  152  13:41  Baneling x16  
  176  13:58  Chitinous Plating  
  176  14:00  Overlord  
  176  14:01  Overlord x3  
  176  14:02  Overlord  
  176  14:05  Zerg Melee Weapons Level 3, Zerg Ground Armor Level 3  
  155  14:57  Ultralisk x3  
  155  14:58  Ultralisk x4  
  197  15:14  Zergling x4  
  199  15:25  Baneling  
  199  15:26  Baneling x7  
  199  15:28  Baneling x8  
  101  16:17  Mutalisk x18  
  101  16:18  Mutalisk x11  
  116  17:03  Zergling x2  
  116  17:04  Zergling x26  
  84  17:17  Zergling x8  
  70  18:10  Ultralisk  
  70  18:11  Ultralisk x4  
  70  18:12  Ultralisk x2  
  114  18:13  Ultralisk x2  
  114  18:14  Zergling x6  
  114  18:15  Zergling x2  
  120  18:59  Hatchery  
Tags
 
Add a new tag
Caveats
  • Supply blocks, unpowered buildings, or Contaminate may cause inaccurate times.
  • Supply counts are checked every 10 seconds.